 Dungeon Crawl Stone Soup version 0.27.0-1-g7a089689b8 (webtiles) character file.

Game seed: 1739002117563453380

25 thirtiethelement the Skirmisher (level 2, 0/24 HPs)
             Began as a Demonspawn Abyssal Knight on Aug 11, 2021.
             Was a Follower of Lugonu.
             Slain by Terence (3 damage)
             ... on level 1 of the Dungeon.
             The game lasted 00:04:19 (1831 turns).

thirtiethelement the Skirmisher (DsAK)              Turns: 1831, Time: 00:04:20

Health: 0/24       AC: 11    Str:  9 (12) XL:     2   Next: 86%
Magic:  3/3        EV: 11    Int: 12 (13) God:    Lugonu [*.....]
Gold:   89         SH:  0    Dex: 11 (12) Spells: 0/1 levels left

rFire    . . .     SeeInvis .   h - +2 short sword (protect)
rCold    . . .     Faith    .   (no shield)
rNeg     . . .     Spirit   .   b - +1 leather armour
rPois    .         Reflect  .   (no helmet)
rElec    .         Harm     .   (no cloak)
rCorr    .         Rampage  .   (no gloves)
Will     .....                  (no boots)
Stlth    +.........             (no amulet)
HPRegen  0.08/turn              (no ring)
MPRegen  0.08/turn              (no ring)

@: under a protective aura
A: claws 1
a: Renounce Religion, Depart the Abyss


You were on level 1 of the Dungeon.
You worshipped Lugonu.
Lugonu was aware of your devotion.
You visited 1 branch of the dungeon, and saw 2 of its levels.
You visited the Abyss 1 time.

You collected 89 gold pieces.

Inventory:

Hand Weapons
 h - a +2 short sword of protection (weapon)
Armour
 b - a +1 leather armour (worn)
Scrolls
 d - a scroll of magic mapping
Potions
 a - a potion of ambrosia
 c - a potion of degeneration
 e - a potion of resistance {unknown}
 f - a potion of attraction {unknown}


   Skills:
 + Level 3.5 Fighting
 + Level 2.0 Long Blades
 + Level 2.0 Armour
 + Level 1.1 Dodging
 + Level 0.2 Spellcasting
 + Level 0.1 Necromancy
 + Level 2.4 Invocations


You couldn't memorise any spells.
You knew the following spells:

 Your Spells              Type           Power      Damage    Failure   Level
a - Animate Skeleton      Necr           0%         N/A       38%         1

Your spell library contained the following spells:

 Spells                   Type           Power      Damage    Failure   Level
 Pain                     Necr           0%         1d4       38%         1
 Corona                   Hex            0%         N/A       41%         1
 Ensorcelled Hibernation  Hex/Ice        0%         N/A       56%         2
 Vampiric Draining        Necr           0%         2d6       77%         3
 Tukima's Dance           Hex            0%         N/A       80%         3


Dungeon Overview and Level Annotations

Branches:
Dungeon (2/15)

Altars:

Annotations:
D:1 Terence


Innate Abilities, Weirdness & Mutations

You have sharp fingernails.


Message History

Terence is heavily wounded.
Terence hits you with a +1 vampiric short sword.
Terence draws strength from your wounds!
You hit Terence but do no damage.
Terence is moderately wounded.
Terence barely misses you.
It was a potion of degeneration.
There was something very wrong with that liquid.
You feel weakened.
You feel dopey.
You feel clumsy.
Terence hits you with a +1 vampiric short sword.
Terence draws strength from your wounds!
You hit Terence.
Terence is heavily wounded.
Terence barely misses you.
You barely miss Terence.
Terence is heavily wounded.
Terence misses you.
You hit Terence but do no damage.
Terence is heavily wounded.
Terence hits you but does no damage.
You closely miss Terence.
Terence is heavily wounded.
Terence hits you but does no damage.
You hit Terence.
Terence is severely wounded.
Terence hits you with a +1 vampiric short sword!
* * * LOW HITPOINT WARNING * * *
You hit Terence.
Terence is severely wounded.
Terence hits you but does no damage.
You hit Terence but do no damage.
Terence is severely wounded.
Terence hits you but does no damage.
You barely miss Terence.
Terence is severely wounded.
Terence hits you but does no damage.
You hit Terence but do no damage.
Terence is severely wounded.
Terence hits you with a +1 vampiric short sword.
You die...

# # # # ## #####
.# #...# .# ###.#
.# #.# ## #@# #
#@# # #.# # #.#
################.#
.................#
.).......#########
....(....#
##.......#


You could see Terence.

Vanquished Creatures
  8 bats (D:1)
  An endoplasm (D:1)
  2 giant cockroaches (D:1)
  A hobgoblin (D:1)
  A quokka (D:1)
  2 ball pythons (D:1)
  3 goblins (D:1)
  4 kobolds (D:1)
  6 rats (D:1)
28 creatures vanquished.

Vanquished Creatures (collateral kills)
  A kobold (D:1)
1 creature vanquished.

Grand Total: 29 creatures vanquished

Notes
Turn   | Place    | Note
-------+----------+-------------------------------------------
     0 | Abyss:1  | thirtiethelement the Demonspawn Abyssal Knight began the
                  | quest for the Orb.
     0 | Abyss:1  | Reached XP level 1. HP: 18/18 MP: 2/2
    48 | Abyss:1  | Noticed a small abomination
    49 | Abyss:1  | Noticed a large abomination
    55 | Abyss:1  | Noticed a ynoxinul
    82 | Abyss:1  | Noticed a rakshasa
    84 | Abyss:1  | Noticed an ancient zyme
    84 | Abyss:1  | Noticed an ancient zyme
    87 | D:1      | Escaped the Abyss
   339 | D:1      | Found a faded altar of an unknown god.
   414 | D:1      | Reached * piety under Lugonu
   419 | D:1      | Gained mutation: You have sharp fingernails. [demonic
                  | ancestry]
   419 | D:1      | Reached XP level 2. HP: 24/24 MP: 3/3
   460 | D:1      | Learned a level 1 spell: Animate Skeleton
   652 | D:1      | Reached skill level 1 in Dodging
  1750 | D:2      | Noticed Terence
  1776 | D:2      | HP: 1/24 [Terence (1)]
  1831 | D:1      | Slain by Terence

Illustrated notes

Levels and vault maps discovered:
D:1:      dpeg_arrival_boxes_within_box, layout_basic, basic_ecumenical_altar
D:2:      cheibrodos_pilgrimage, layout_rooms, minmay_misc_feat_alley,
          uniq_terence

Skill      XL: |  1  2 |
---------------+-------+-----
Armour         | 2 |  2.0
Dodging        | 1 |  1.1
Long Blades    | 2 |  2.0
Fighting       | |  3.5
Spellcasting   | |  0.2
Necromancy     | |  0.1
Invocations    | |  2.4

Action                   || total
-------------------------++-------
Melee: Falchion          ||    54
       Short sword       ||    55
 Cast: Animate Skeleton  ||     4
Invok: Depart the Abyss  ||     1
  Use: Scroll            ||     4
       Potion            ||     2
 Stab: Sleeping          ||     1
Armor: Leather armour    ||    46
Dodge: Dodged            ||    59
       Rpst.: Falchion   ||    11
